 Dungeon Crawl Stone Soup version 0.29.0-5-ge4962eb29e (webtiles) character file.

Game seed: 9591121663535705075

14109 xian the Covert (level 12, -2/79 HPs)
             Began as a Kobold Brigand on Aug 29, 2022.
             Was a Believer of Ashenzari.
             Slain by a white ugly thing (6 damage)
             ... on level 11 of the Dungeon on Aug 30, 2022.
             The game lasted 00:42:27 (13682 turns).

xian the Covert (Kobold Brigand)                   Turns: 13682, Time: 00:42:28

Health: -2/79      AC: 16    Str: 20    XL:     12   Next: 41%
Magic:  12/12      EV: 14    Int: 12    God:    Ashenzari [**....]
Gold:   592        SH:  0    Dex: 16    Spells: 11/11 levels left

rFire   x . .      SeeInvis +   k - +3 long sword of the Clairvoyant Seer {spect, Stlth+, Melee, Self} (curse)
rCold   + + .      Faith    .   (no shield)
rNeg    . . .      Spirit   .   j - +0 ice dragon scales
rPois   +          Reflect  .   t - +0 helmet
rElec   .          Harm     .   b - +1 cloak {Stlth+}
rCorr   .          Rampage  .   G - +0 pair of gloves
Will    .....                   (no boots)
Stlth   +++++++...              o - amulet "Clairvoyant Regret" {Acrobat, Melee, Evo} (curse)
HPRegen 0.23/turn               l - ring "Prophetic Lifelessness" {rPois, Range, Alch} (curse)
MPRegen 0.13/turn               I - ring of Cremastomancy {Str+6, Fort, Melee} (curse)

@: no status effects
A: small, no large weapons, nightstalker 3
a: Renounce Religion, Curse Item, Shatter the Chains


You were on level 11 of the Dungeon.
You worshipped Ashenzari.
Ashenzari was pleased with you.
You visited 2 branches of the dungeon, and saw 12 of its levels.
You also visited: Sewer.

You collected 592 gold pieces.

Inventory:

Hand Weapons
 a - a +2 dagger
 k - the cursed +3 long sword of the Clairvoyant Seer (weapon) {spect, Stlth+, Melee, Self}
   (You found it on level 2 of the Dungeon)

   When its wielder attacks, the weapon's spirit leaps out and strikes again.
   The spirit shares a part of any damage it takes with its wielder.
   Stlth:     It makes you more stealthy.
   It has a curse which improves the following skills: Melee Combat: Short
   Blades, Long Blades, Axes, Maces & Flails, Polearms, Staves and Unarmed
   Combat.
   Introspection: Fighting and Spellcasting.
 N - a +2 arbalest of freezing
Missiles
 d - 47 poisoned darts (quivered)
 e - 7 curare-tipped darts
 Q - 5 silver boomerangs
Armour
 b - a +1 cloak of stealth (worn)
 j - +0 ice dragon scales (worn)
 t - a +0 helmet (worn)
 G - a +0 pair of gloves (worn)
 S - a +2 plate armour of cold resistance
Magical Staves
 s - a staff of fire
Jewellery
 l - the cursed ring "Prophetic Lifelessness" (left hand) {rPois, Range, Alch}
   (You found it on level 2 of the Dungeon)

   [ring of poison resistance]

   rPois:     It protects you from poison.
   It has a curse which improves the following skills: Ranged Combat: Ranged
   Weapons and Throwing.
   Alchemy:   Poison Magic and Transmutations.
 o - the cursed amulet "Clairvoyant Regret" (around neck) {Acrobat, Melee, Evo}
   (You found it on level 6 of the Dungeon)

   [amulet of the acrobat]

   It increases your evasion while moving and waiting.
   It has a curse which improves the following skills: Melee Combat: Short
   Blades, Long Blades, Axes, Maces & Flails, Polearms, Staves and Unarmed
   Combat.
   Evocations: Evocations.
 y - a +6 ring of strength
 F - a ring of magical power
 I - the cursed ring of Cremastomancy (right hand) {Str+6, Fort, Melee}
   (You found it on level 5 of the Dungeon)

   [ring of strength]

   Str:       It affects your strength (+6).
   It has a curse which improves the following skills: Fortitude: Armour and
   Shields.
   Melee Combat: Short Blades, Long Blades, Axes, Maces & Flails, Polearms,
   Staves and Unarmed Combat.
 P - a ring of positive energy
 T - a ring of willpower
Wands
 c - a wand of digging (1)
 u - a wand of flame (15)
 D - a wand of mindburst (31)
 H - a wand of acid (12)
 J - a wand of polymorph (3)
 M - a wand of charming (5)
Scrolls
 h - a scroll of torment
 i - 3 scrolls of fear
 m - 2 scrolls of magic mapping
 q - 2 scrolls of immolation
 z - 2 scrolls of blinking
 C - 3 scrolls of butterflies
 E - 3 scrolls of teleportation
 K - a scroll of summoning
 O - a scroll of vulnerability
 R - a scroll of brand weapon
Potions
 f - 3 potions of cancellation
 g - a potion of berserk rage
 n - a potion of ambrosia
 p - 2 potions of flight
 r - a potion of haste
 v - a potion of magic
 w - 7 potions of curing
 x - 2 potions of resistance
 A - 5 potions of heal wounds
 B - 3 potions of invisibility
 L - 3 potions of mutation


   Skills:
 * Level 9.4(10.6) Fighting
 - Level 3.0(9.8) Short Blades
 + Level 8.3(11.0) Long Blades
 * Level 9.4(10.6) Throwing
 + Level 5.5(6.8) Armour
 + Level 6.0 Dodging
 + Level 12.7 Stealth


You had 11 spell levels left.
You didn't know any spells.
Your spell library contained the following spells:

 Spells                   Type           Power      Damage    Failure   Level
 Dazzling Flash           Conj/Hex       0%         N/A       97%         3
 Agony                    Necr           0%         N/A       100%        5
 Silence                  Hex/Air        0%         N/A       100%        5


Dungeon Overview and Level Annotations

Branches:
Dungeon (11/15)            Temple (1/1) D:5            Lair (0/5) D:11
    Orc (0/2) D:11          Sewer (visited)

Altars:
Ashenzari
Cheibriados
Dithmenos
Elyvilon
Fedhas
Gozag
Hepliaklqana
Kikubaaqudgha
Makhleb
Nemelex Xobeh
Okawaru
Qazlal
Ru
Sif Muna
Trog
Uskayaw
Vehumet
Wu Jian
Xom
Yredelemnul
Zin
The Shining One

Shops:
D:8 :


Innate Abilities, Weirdness & Mutations

You are small and have problems with some larger weapons.
You are completely attuned to the shadows.


Message History

The white ugly thing is severely wounded.
The white ugly thing kicks you but does no damage.
You closely miss the white ugly thing.
The white ugly thing is severely wounded.
The white ugly thing barely misses you.
You barely miss the white ugly thing.
The white ugly thing is severely wounded.
You barely miss the white ugly thing. Your punch misses the white ugly thing.
The white ugly thing is severely wounded.
The white ugly thing barely misses you.
You barely miss the white ugly thing.
The white ugly thing is severely wounded.
The white ugly thing kicks you but does no damage.
You slash the white ugly thing!
The white ugly thing is severely wounded.
The white ugly thing misses you.
You closely miss the white ugly thing.
The white ugly thing is severely wounded.
The white ugly thing kicks you but does no damage.
You slash the white ugly thing!
The white ugly thing is almost dead.
The white ugly thing kicks you! The white ugly thing freezes you! You resist.
You hit the white ugly thing.
The white ugly thing is almost dead.
The white ugly thing kicks you. The white ugly thing freezes you. You resist.
* * * LOW HITPOINT WARNING * * *
You hit the white ugly thing.
The white ugly thing is almost dead.
You closely miss the white ugly thing.
The white ugly thing is almost dead.
The white ugly thing kicks you.
* * * LOW HITPOINT WARNING * * *
The white ugly thing freezes you. You resist.
* * * LOW HITPOINT WARNING * * *
You completely miss the white ugly thing.
The white ugly thing is almost dead.
The white ugly thing kicks you!
* * * LOW HITPOINT WARNING * * *
The white ugly thing freezes you. You resist.
You die...

####### #......#
#######......#########
......'......+.u@....############
#######......#######.............
#......# ############## #......#
##'##### #.# #.# #.## ### #..#
#########


You could see a white ugly thing.

Vanquished Creatures
  Erolcha (D:10)
  4 two-headed ogres
  Sonja (D:11)
  Urug (D:11)
  Pikel (D:6)
  An unseen horror (D:11)
  6 trolls
  Grinder (D:4)
  Sigmund (D:2)
  2 shadows
  2 wyverns
  14 yaks
  A steam dragon (D:9)
  Edmund (D:4)
  Menkaure (D:5)
  2 acid dragons
  2 water moccasins
  4 orc warriors
  A sky beast (D:7)
  An ice beast (D:8)
  A black bear (D:5)
  An ogre (D:6)
  A lemure (D:6)
  3 wolves (D:11)
  4 kobold brigands
  5 bullfrogs
  2 gnoll sergeants
  3 necrophages
  A scorpion (D:4)
  A water moccasin zombie (D:7)
  3 wights (D:7)
  15 killer bees
  3 howler monkeys
  5 electric eels
  2 centaur zombies (D:7)
  A human zombie (D:7)
  9 hounds
  Crazy Yiuf (D:4)
  5 orc priests
  4 jellies
  Terence (D:2)
  4 orc wizards
  Ijyb (D:5)
  2 killer bee zombies (D:7)
  A howler monkey zombie (D:7)
  2 mummies (D:7)
  8 gnolls
  13 adders
  3 river rats (Sewer)
  A shadow imp (D:5)
  2 white imps (D:8)
  A worm (D:2)
  24 orcs
  17 ball pythons
  6 bats
  A bat zombie (D:10)
  10 endoplasms
  5 giant cockroaches
  9 hobgoblins
  8 jackals
  2 quokkas
  7 frilled lizards
  3 goblins
  20 kobolds
  21 rats
290 creatures vanquished.

Notes
Turn   | Place    | Note
-------+----------+-------------------------------------------
     0 | D:1      | xian the Kobold Brigand began the quest for the Orb.
     0 | D:1      | Reached XP level 1. HP: 12/12 MP: 1/1
    92 | D:1      | You fall into a shaft and drop 1 floor!
   197 | D:2      | Reached XP level 2. HP: 12/17 MP: 2/2
   443 | D:2      | Identified the +3 long sword "Heovarink" {spect, Stlth+}
   578 | D:1      | Reached skill level 6 in Stealth
   580 | D:1      | Reached XP level 3. HP: 21/21 MP: 3/3
  1331 | D:2      | Noticed Sigmund
  1334 | D:2      | Killed Sigmund
  1335 | D:2      | Reached skill level 7 in Stealth
  1335 | D:2      | Reached XP level 4. HP: 28/28 MP: 4/4
  1335 | D:2      | Reached XP level 5. HP: 32/32 MP: 5/5
  1335 | D:2      | Reached XP level 6. HP: 37/37 MP: 6/6
  1404 | D:2      | Noticed Terence
  1409 | D:2      | Killed Terence
  1617 | D:3      | Found a bloodstained altar of Trog.
  1972 | D:3      | Found a sacrificial altar of Ru.
  2261 | D:4      | Found a runed translucent door.
  2264 | D:4      | Noticed Crazy Yiuf
  2271 | D:4      | Killed Crazy Yiuf
  2272 | D:4      | Reached XP level 7. HP: 13/41 MP: 7/7
  2548 | D:4      | Found an ornate altar of the Wu Jian Council.
  2702 | D:4      | Reached skill level 8 in Stealth
  3050 | D:4      | Noticed Grinder
  3056 | D:4      | Killed Grinder
  3057 | D:4      | Reached XP level 8. HP: 23/48 MP: 8/8
  3233 | D:4      | Noticed Edmund
  3242 | D:4      | Killed Edmund
  3243 | D:4      | Reached skill level 9 in Stealth
  3513 | D:5      | Entered Level 5 of the Dungeon
  3727 | D:5      | Found a staircase to the Ecumenical Temple.
  3732 | Temple   | Entered the Ecumenical Temple
  3936 | Temple   | Became a worshipper of Ashenzari the Shackled
  4011 | D:5      | Noticed Ijyb
  4016 | D:5      | Killed Ijyb
  4375 | D:5      | Noticed Menkaure
  4378 | D:5      | Killed Menkaure
  4379 | D:5      | Reached skill level 1 in Armour
  4748 | D:6      | Reached skill level 5 in Throwing
  4773 | D:6      | Found a glowing drain.
  4804 | Sewer    | Entered a sewer
  5044 | Sewer    | Reached skill level 5 in Fighting
  5044 | Sewer    | Reached XP level 9. HP: 54/54 MP: 9/9
  5051 | Sewer    | Reached skill level 10 in Stealth
  5494 | D:6      | Noticed Pikel
  5504 | D:6      | Killed Pikel
  5870 | D:6      | Reached skill level 5 in Long Blades
  6277 | D:6      | Reached * piety under Ashenzari
  6324 | D:6      | HP: 1/55 [gnoll sergeant/+0 trident of flaming (5)]
  6649 | D:7      | Reached XP level 10. HP: 47/61 MP: 10/10
  6675 | D:7      | Found a basalt altar of Yredelemnul.
  6984 | D:7      | Found an iron altar of Okawaru.
  8110 | D:8      | Noticed a two-headed ogre
  8115 | D:8      | Killed a two-headed ogre
  8116 | D:8      | Reached skill level 11 in Stealth
  8273 | D:8      | Found an opulent altar of Gozag.
  8273 | D:8      | Found a glowing silver altar of Zin.
  8468 | D:8      | Found Cal Vaph's Book Emporium.
  8645 | D:8      | Noticed a +0 spear
  8645 | D:8      | Noticed a +0 falchion
  8645 | D:8      | Noticed a +0 dagger
  8646 | D:8      | Noticed a +0 falchion
  8647 | D:8      | Noticed a +0 short sword
  8651 | D:8      | Noticed a +0 short sword
  8665 | D:8      | Found a hide-covered altar of Uskayaw.
  8668 | D:8      | Noticed a +0 spear
  8686 | D:8      | Noticed a +0 dagger
  9356 | D:9      | Reached ** piety under Ashenzari
  9402 | D:9      | Reached skill level 5 in Dodging
  9406 | D:9      | Reached XP level 11. HP: 42/67 MP: 11/11
  9864 | D:10     | Entered Level 10 of the Dungeon
 10670 | D:10     | Noticed a two-headed ogre
 10675 | D:10     | Killed a two-headed ogre
 10746 | D:10     | Found a blossoming altar of Fedhas.
 10918 | D:10     | Found a shadowy altar of Dithmenos.
 10960 | D:10     | Noticed Erolcha
 10967 | D:10     | Killed Erolcha
 11028 | D:10     | Found an ancient bone altar of Kikubaaqudgha.
 11158 | D:10     | Found a white marble altar of Elyvilon.
 11254 | D:10     | Reached skill level 12 in Stealth
 11636 | D:11     | Found a staircase to the Orcish Mines.
 11730 | D:11     | Noticed a two-headed ogre
 11739 | D:11     | Killed a two-headed ogre
 11740 | D:11     | Reached skill level 5 in Armour
 12067 | D:11     | Found a staircase to the Lair.
 12404 | D:11     | Reached XP level 12. HP: 75/77 MP: 12/12
 12884 | D:11     | Noticed a two-headed ogre
 12890 | D:11     | Killed a two-headed ogre
 12997 | D:11     | Noticed Sonja
 13001 | D:11     | Killed Sonja
 13255 | D:11     | Noticed Urug
 13284 | D:11     | Killed Urug
 13682 | D:11     | Slain by a white ugly thing

Illustrated notes

Levels and vault maps discovered:
D:1:      wander_arrival_estate, layout_basic
D:2:      layout_rooms, minmay_split_cup_small, uniq_terence, uniq_sigmund
D:3:      layout_rooms, nicolae_ru_the_path_less_chosen, bloody_trog
D:4:      layout_cave_pods, nicolae_wu_jian_wuxing_cycle, moated_statue,
          uniq_edmund, uniq_crazy_yiuf_cottage, uniq_grinder
D:5:      layout_basic, temple_doors_ab, dreamdust_princess_bridge, uniq_ijyb,
          uniq_menkaure
D:6:      layout_cave_pools, gup_sewer_entry_glass, grunt_ministairs_3,
          uniq_pikel
D:7:      layout_loops_ring, lemuel_mausoleum_altar_yredelemnul, okawaru_trees_2
D:8:      nicolae_cairo_tiling_very_big, layout_cave_pools,
          grunt_temple_overflow_gold_and_silver, nicolae_uskayaw_en_pointe,
          serial_shops, nicolae_shop_temple_entry_statues_fountains
D:9:      layout_irregular_city
D:10:     layout_basic, nicolae_overflow_hidden_temple,
          lemuel_zombie_altar_kikubaaqudgha, grunt_dithmenos_shadows,
          nicolae_elyvilon_peaceful_grove, uniq_erolcha
D:11:     layout_roguey, erik_lair_island, david_orc_2, uniq_sonja, uniq_urug
Temple:   jpeg_temple_alley_garden

Skill      XL: |  1  2  3  4  5  6  7  8  9 10 11 12 |
---------------+-------------------------------------+-----
Short Blades   | 3 |  3.0
Stealth        | 6 7 8 9 10 11 12 | 12.7
Fighting       | 3 4 5 6 7 8 9 |  9.4
Long Blades    | 2 3 4 5 6 7 8 |  8.3
Throwing       | 3 4 5 6 7 8 9 |  9.4
Armour         | 1 2 3 5 |  5.5
Dodging        | 2 4 5 6 |  6.0

Action                   |  1- 3 |  4- 6 |  7- 9 | 10-12 || total
-------------------------+-------+-------+-------+-------++-------
Melee: Dagger            |    19 |       |       |       ||    19
       Punch             |     2 |       |     2 |     1 ||     5
       Long sword        |    21 |    46 |   192 |   370 ||   629
Throw: Dart              |     3 |       |     1 |     7 ||    11
       Boomerang         |       |       |       |    14 ||    14
Invok: Curse Item        |       |       |     2 |     3 ||     5
       Shatter the Chain |       |       |       |     1 ||     1
  Use: Potion            |       |       |     3 |     2 ||     5
       Scroll            |       |       |     2 |     2 ||     4
 Stab: Sleeping          |    11 |    18 |    27 |    30 ||    86
       Distracted        |       |       |     1 |     6 ||     7
Armor: Robe              |     6 |     6 |       |       ||    12
       Leather armour    |       |       |    74 |     4 ||    78
       Skin              |       |       |   130 |       ||   130
       Ice dragon scales |       |       |       |   147 ||   147
Dodge: Dodged            |    30 |    30 |   190 |   347 ||   597
